Map: Baie du Roi EC

Players

OXOTHUK - Winner!

  • Race: Terran Terran
  • League: Diamond
  • Spawn Location: 5:00

Sorandom

  • Race: Zerg Zerg
  • League: Diamond
  • Spawn Location: 11:00

VOD

Have the link to the VOD?

Description

Time

  • Played on: April 13, 2019, 12:05 a.m.
  • Length: 5:39
Show
View Real Time Build Order
Export as new Build Order

OXOTHUK Terran - Winner!

Build Orders: Reaper Expand 

Get SALT Encoding   

  12  0:02  SCV  
  13  0:14  SCV  
  14  0:18  Supply Depot  
  14  0:26  SCV  
  15  0:39  SCV  
  15  0:41  Barracks  
  16  0:45  Refinery  
  16  0:52  SCV  
  17  1:04  SCV  
  18  1:16  SCV  
  19  1:29  Reaper  
  19  1:31  Supply Depot  
  20  1:32  Orbital Command  
  20  1:58  Command Center  
  20  2:02  SCV  
  21  2:12  Marine  
  21  2:17  Bunker  
  21  2:20  SCV  
  22  2:27  Factory  
  22  2:29  Marine  
  22  2:32  SCV  
  24  2:44  SCV  
  25  2:45  Refinery  
  25  2:49  Marine  
  26  2:56  SCV  
  27  3:06  Marine  
  27  3:08  SCV  
  29  3:13  Factory Tech Lab  
  29  3:24  Marine  
  30  3:29  Orbital Command  
  30  3:32  Siege Tank  
  33  3:42  Marine  
  33  3:51  Supply Depot  
  33  3:55  Supply Depot  
  33  4:00  Marine  
  33  4:05  Supply Depot  
  31  4:17  Siege Tank  
  31  4:20  Barracks Tech Lab  
  31  4:21  Supply Depot  
  31  4:26  Starport  
  31  4:38  Supply Depot  
  31  4:40  Marauder  
  33  4:58  Siege Tank  
  35  5:01  Marauder  
  34  5:12  Starport Reactor  
  33  5:31  Bunker  
Show
View Real Time Build Order
Export as new Build Order

Sorandom Zerg 

Build Orders: Pool Only, Ravager All-In 

Get SALT Encoding   

  12  0:19  Spawning Pool  
  11  0:23  Drone  
  11  0:28  Drone  
  13  0:33  Drone  
  14  0:37  Extractor  
  14  0:40  Drone  
  14  0:45  Extractor  
  14  0:48  Drone  
  14  1:06  Roach Warren  
  14  1:11  Drone  
  14  1:19  Overlord  
  14  1:29  Overlord  
  14  1:46  Roach  
  14  1:47  Roach  
  18  1:55  Roach  
  20  2:10  Ravager  
  20  2:11  Ravager  
  22  2:23  Ravager  
  22  2:29  Roach  
  25  2:36  Roach  
  27  2:37  Roach  
  29  2:50  Ravager  
  30  3:08  Overlord x2  
  30  3:36  Ravager x2  
  34  3:48  Roach x2  
  34  3:49  Roach  
  35  4:16  Roach  
  35  4:17  Roach  
  30  4:20  Ravager x2  
  30  4:22  Ravager  
  33  4:28  Roach  
  35  4:49  Roach x2  
  39  4:59  Roach  
  41  5:09  Roach  
  34  5:27  Ravager  
  34  5:28  Ravager  
Tags
 
Add a new tag
Caveats
  • Supply blocks, unpowered buildings, or Contaminate may cause inaccurate times.
  • Supply counts are checked every 10 seconds.